 Dungeon Crawl Stone Soup version 0.30.1-11-g7821555f0a (webtiles) character file.

Game seed: 5682821546399193884

345 Tsukuru the Shield-Bearer (level 6, -8/49 HPs)
             Began as a Formicid Fighter on Jan 7, 2024.
             Mangled by Pikel
             ... wielding a +2 whip of freezing
              (16 damage)
             ... on level 4 of the Dungeon.
             The game lasted 00:08:59 (2805 turns).

Tsukuru the Shield-Bearer (Formicid Fighter)        Turns: 2805, Time: 00:09:02

Health: -8/49      AC:  8    Str: 21    XL:     6   Next: 89%
Magic:  6/6        EV: 15    Int:  7    God:
Gold:   230        SH:  5    Dex: 15    Spells: 5/5 levels left

rFire   . . .        a - +0 trident
rCold   . . .        c - +0 buckler
rNeg    . . .        b - +0 scale mail
rPois   .            (helmet unavailable)
rElec   .            (no cloak)
rCorr   .            i - +0 pair of gloves
SInv    +            (no boots)
Will    .....        (no amulet) Stlth
                     e - +5 ring of evasion
HPRegen 0.28/turn    (no ring)
MPRegen 0.10/turn

%: no passive effects
@: no status effects
A: permanent stasis, dig shafts and tunnels, antennae 3, four strong arms
a: Dig, Shaft Self


You were on level 4 of the Dungeon.
You visited 1 branch of the dungeon, and saw 4 of its levels.

You collected 230 gold pieces.

Inventory:

Hand Weapons
 a - a +0 trident (weapon)
Armour
 b - a +0 scale mail (worn)
 c - a +0 buckler (worn)
 i - a +0 pair of gloves (worn)
Jewellery
 e - a +5 ring of evasion (left hand)
Wands
 t - a wand of charming (9)
 u - a wand of iceblast (10)
Scrolls
 d - a scroll of blinking {unknown}
 h - 5 scrolls of identify {unknown}
 j - a scroll of fear {unknown}
 l - a scroll of enchant weapon {unknown}
 m - a scroll of enchant armour {unknown}
 r - a scroll of vulnerability {unknown}
 s - a scroll of teleportation {unknown}
Potions
 f - a potion of attraction {unknown}
 g - 2 potions of curing {unknown}
 k - a potion of mutation {unknown}
 n - a potion of heal wounds {unknown}
 o - 2 potions of brilliance
 p - a potion of cancellation {unknown}
 q - 2 potions of invisibility {unknown}


   Skills:
 + Level 4.5 Fighting
 * Level 3.5 Polearms
 + Level 4.6 Armour
 + Level 2.2 Dodging
 + Level 5.5 Shields
 + Level 0.0 Evocations


You had 5 spell levels left.
You didn't know any spells.
Your spell library contained the following spells:

 Spells                   Type           Power      Damage    Failure   Level
 Summon Small Mammal      Summ           0%         N/A       83%         1
 Call Canine Familiar     Summ           0%         N/A       99%         3
 Summon Guardian Golem    Hex/Summ       0%         N/A       99%         3


Dungeon Overview and Level Annotations

Branches:
Dungeon (4/15)
 Temple: D:4-7

Altars:
Ru

Annotations:
D:4 Pikel


Innate Abilities, Weirdness & Mutations

You cannot be hasted, slowed, berserked, paralysed or teleported.
You can dig through walls and to a lower floor.
You have a pair of large antennae on your head. (SInv)
Your four strong arms can wield two-handed weapons with a shield.


Message History

There are no items here.
You now have 230 gold pieces (gained 7).
There are no items here.
HP restored.
Found a stone staircase leading down.
You sense a monster nearby.
No target in view!
No target in view!
You sense a monster nearby.
No target in view!
You sense a monster nearby.
No target in view!
Pikel and 2 lemures come into view.
Pikel is wielding a +2 whip of freezing and wearing a +1 robe of fire resistance.
Pikel shouts!
The lemure shouts! x2; You hear a shout! x4
A lemure comes into view.
The lemure shouts!
You reach to attack!
You hit Pikel.
Pikel is lightly wounded.
Pikel drinks a potion.
Pikel goes berserk!
You reach to attack!
You puncture Pikel!
Pikel is moderately wounded.
Pikel hits you with a +2 whip of freezing.
Pikel freezes you.
You hear a shout!
You hit Pikel.
Pikel is moderately wounded.
Pikel barely misses you.
You closely miss Pikel.
Pikel is moderately wounded.
Pikel hits you with a +2 whip of freezing!
Pikel freezes you. Pikel misses you.
You hit Pikel but do no damage.
Pikel is moderately wounded.
Pikel hits you with a +2 whip of freezing!
* * * LOW HITPOINT WARNING * * *
Pikel freezes you.
* * * LOW HITPOINT WARNING * * *
Pikel hits you with a +2 whip of freezing!
You die...

### { ... .55 #.#
#5# ###### #># #K#
.. ..# #.# ####@#
.# #.###.####....#
.###..†.......####
..##..##.##.##### {
..##..##........#
........###.###....
..###.......# ##
#.# ###.##### #.#
#.#


You could see Pikel (berserk) and 3 lemures.

Vanquished Creatures
  A phantom (D:3)
  An orc priest (D:3)
  Jessica (D:2)
  2 iguanas
  Natasha (thrice) (D:2)
  2 adders (D:2)
  3 worms
  3 orcs (D:3)
  5 bats
  3 endoplasms
  2 giant cockroaches
  A goblin (D:4)
  9 hobgoblins
  A jackal (D:2)
  10 kobolds
  3 quokkas
  6 ball pythons
  4 frilled lizards
  3 rats
63 creatures vanquished.

Notes
Turn   | Place    | Note
-------+----------+-------------------------------------------
     0 | D:1      | Tsukuru the Formicid Fighter began the quest for the Orb.
     0 | D:1      | Reached XP level 1. HP: 18/18 MP: 1/1
   125 | D:1      | Reached XP level 2. HP: 22/22 MP: 2/2
   666 | D:1      | Reached XP level 3. HP: 29/29 MP: 3/3
   830 | D:2      | Noticed Natasha
   847 | D:2      | Killed Natasha
   848 | D:2      | Reached XP level 4. HP: 3/37 MP: 4/4
  1109 | D:2      | Reached skill level 1 in Dodging
  1188 | D:2      | Noticed Natasha
  1190 | D:2      | Noticed Jessica
  1202 | D:2      | Killed Natasha
  1203 | D:2      | Reached XP level 5. HP: 14/42 MP: 5/5
  1219 | D:2      | Killed Jessica
  1223 | D:2      | Noticed Natasha
  1227 | D:2      | Killed Natasha
  1228 | D:2      | Reached skill level 5 in Shields
  1778 | D:3      | Found a sacrificial altar of Ru.
  1792 | D:3      | Reached XP level 6. HP: 48/48 MP: 6/6
  2799 | D:4      | Noticed Pikel
  2805 | D:4      | Mangled by Pikel

Illustrated notes

Levels and vault maps discovered:
D:1:      minmay_arrival_glassed_features, layout_basic,
          nicolae_concentric_dashed_squares_mild
D:2:      minmay_inner_zag, layout_basic, uniq_natasha, uniq_jessica
D:3:      kb_forest_paths, layout_basic, nicolae_ru_awakened_eye,
          chequers_serial_rivers_micro_d
D:4:      layout_loops_cross, jmf_multi_god_temple, uniq_pikel, uniq_ijyb,
          uniq_duvessa

Skill      XL: |  1  2  3  4  5  6 |
---------------+-------------------+-----
Dodging        | 1 2 |  2.2
Fighting       | 4 |  4.5
Armour         | 4 |  4.6
Polearms       | 3 |  3.5
Shields        | 5 |  5.5

Action                     |  1- 3 |  4- 6 || total
---------------------------+-------+-------++-------
  Melee: Trident           |    82 |   156 ||   238
Ability: Dig               |     1 |     1 ||     2
    Use: Potion            |     1 |       ||     1
 Armour: Scale mail        |    15 |    27 ||    42
  Dodge: Dodged            |    46 |    67 ||   113
  Block: Buckler           |    20 |    32 ||    52
